cohdb
Replays
Latest Replays
All Replays
Popular Replays
Top Player Replays
Match Explorer
How It Works
Community
CoH3 Stats
Reddit
Sign in to upload your games and track your stats! →
Sign in with Steam
Match 42391072
Unlisted
Match 42391072
Overview
Messages
Build Orders
End
Construct Barracks
Selects Advanced Infantry Battlegroup
Selects Advanced Infantry Battlegroup
Selects Advanced Infantry Battlegroup
Riflemen Squad
M1 Mortar Team
Riflemen Squad
Riflemen Squad
Air Support Center
P-47 Dive Bomb
Selects Convert to Ranger Squad
XuZhongwei
Perfect Owl eats mice
Cavalera
pkt
jugo
mentoss
yavuz
.
0
0
Comments
sign in to comment!
No comments posted yet!